NYP
BATAVIA MUCKDOGS @ HILLSBORO HOPS
08/13/2049
 
TOP OF THE 1ST
Batavia Muckdogs batting - Pitching for Hillsboro Hops : RHP Joe Mulholland
Pitching: RHP Joe Mulholland
Batting: RHB Andy Kelly 0-0: Ball
1-0: Ball
2-0: Called Strike
2-1: Foul Ball, location: 2F
2-2: Foul Ball, location: 2F
2-2: Strikes out swinging, 2-3 out at first.
Batting: RHB Rick English 0-0: Swinging Strike
0-1: Swinging Strike
0-2: Ball
1-2: Foul Ball, location: 2F
1-2: Foul Ball, location: 2F
1-2: Ball
2-2: Strikes out swinging
Batting: SHB Justin Corbett 0-0: Foul Ball, location: 2F
0-1: Ball
1-1: Ball
2-1: Called Strike
2-2: Foul Ball, location: 2F
2-2: Ball
3-2: Ground out U3 (Groundball, 34S, EV 61.2 MPH)
Top of the 1st over - 0 runs, 0 hits, 0 errors, 0 left on base; Batavia 0 - Hillsboro 0
BOTTOM OF THE 1ST
Hillsboro Hops batting - Pitching for Batavia Muckdogs : RHP Ryan Weedon
Pitching: RHP Ryan Weedon
Batting: RHB Dale Young 0-0: Ball
1-0: Fly out, F7 (Flyball, 7LS, EV 88.1 MPH)
Batting: RHB Paul Healy 0-0: Ball
1-0: Ball
2-0: Called Strike
2-1: Foul Ball, location: 2F
2-2: Foul Ball, location: 2F
2-2: Ball
3-2: SINGLE (Groundball, 56D, EV 98.1 MPH)
Batting: RHB Nikita Schram 0-0: Ball
1-0: Ball
Paul Healy is caught stealing 2nd base 2-4
2-0: Foul Ball, location: 2F
2-1: Swinging Strike
2-2: Strikes out swinging
Bottom of the 1st over - 0 runs, 1 hit, 0 errors, 0 left on base; Batavia 0 - Hillsboro 0
TOP OF THE 2ND
Batavia Muckdogs batting - Pitching for Hillsboro Hops : RHP Joe Mulholland
Batting: RHB Justin Dunham 0-0: Ball
1-0: Ball
2-0: Foul Ball, location: 2F
2-1: Swinging Strike
2-2: Ball
3-2: Strikes out swinging
Batting: LHB Danny Treto 0-0: Called Strike
0-1: Swinging Strike
0-2: Strikes out looking
Batting: RHB Jim Fisher 0-0: Ball
1-0: Called Strike
1-1: SINGLE (Groundball, 56D, EV 95.6 MPH)
Batting: RHB Justin Layton 0-0: Ball
1-0: Ball
2-0: TRIPLE (Line Drive, 9LD, EV 110.0 MPH)
Jim Fisher scores
Batting: RHB Calvin Morin 0-0: Called Strike
0-1: Swinging Strike
0-2: Strikes out swinging
Top of the 2nd over - 1 run, 2 hits, 0 errors, 1 left on base; Batavia 1 - Hillsboro 0
BOTTOM OF THE 2ND
Hillsboro Hops batting - Pitching for Batavia Muckdogs : RHP Ryan Weedon
Batting: RHB T.J. Jordan 0-0: Foul Ball, location: 2F
0-1: Foul Ball, location: 2F
0-2: Foul Ball, location: 2F
0-2: Ball
1-2: Ball
2-2: Foul Ball, location: 2F
2-2: Strikes out swinging
Batting: LHB Ron Mills 0-0: Called Strike
0-1: Foul Ball, location: 2F
0-2: Ball
1-2: Ball
2-2: Foul Ball, location: 2F
2-2: Foul Ball, location: 2F
2-2: Strikes out looking
Batting: RHB Mike Dodson 0-0: Called Strike
0-1: Foul Ball, location: 2F
0-2: Strikes out swinging
Bottom of the 2nd over - 0 runs, 0 hits, 0 errors, 0 left on base; Batavia 1 - Hillsboro 0
TOP OF THE 3RD
Batavia Muckdogs batting - Pitching for Hillsboro Hops : RHP Joe Mulholland
Batting: RHB Junro Kato 0-0: Ball
1-0: Ground out 6-3 (Groundball, 6, EV 92.5 MPH)
Batting: RHB Andy Kelly 0-0: Ball
1-0: Ball
2-0: Ball
3-0: Called Strike
3-1: Base on Balls
Batting: RHB Rick English 0-0: Ball
1-0: Ball
2-0: Ball
3-0: Called Strike
3-1: Foul Ball, location: 2F
3-2: Foul Ball, location: 2F
3-2: Base on Balls
Andy Kelly to second
Batting: SHB Justin Corbett 0-0: Ball
1-0: Ball
2-0: Ball
3-0: Called Strike
3-1: Base on Balls
Andy Kelly to third
Rick English to second
Batting: RHB Justin Dunham 0-0: Ball
1-0: Swinging Strike
1-1: Swinging Strike
1-2: Strikes out swinging
Batting: LHB Danny Treto 0-0: Called Strike
0-1: Ground out 4-3 (Groundball, 34, EV 85.6 MPH)
Top of the 3rd over - 0 runs, 0 hits, 0 errors, 3 left on base; Batavia 1 - Hillsboro 0
BOTTOM OF THE 3RD
Hillsboro Hops batting - Pitching for Batavia Muckdogs : RHP Ryan Weedon
Batting: RHB Mike Swift 0-0: Called Strike
0-1: Ball
1-1: Foul Ball, location: 2F
1-2: Ball
2-2: Ball
3-2: Base on Balls
Batting: RHB Devon Fourcade 0-0: Ball
1-0: Ball
2-0: Ball
3-0: Called Strike
3-1: Called Strike
3-2: Foul Ball, location: 2F
3-2: Grounds into double play, 4-6-3 (Groundball, 4, EV 83.1 MPH)
Batting: RHB Ryuki Ogasawara 0-0: Called Strike
0-1: Ball
1-1: Fly out, F8 (Flyball, 8LD, EV 91.9 MPH)
Bottom of the 3rd over - 0 runs, 0 hits, 0 errors, 0 left on base; Batavia 1 - Hillsboro 0
TOP OF THE 4TH
Batavia Muckdogs batting - Pitching for Hillsboro Hops : RHP Joe Mulholland
Batting: RHB Jim Fisher 0-0: Ball
1-0: Called Strike
1-1: Swinging Strike
1-2: Ball
2-2: Ball
3-2: Base on Balls
Batting: RHB Justin Layton 0-0: Called Strike
0-1: Ball
1-1: DOUBLE (Line Drive, 7LD, EV 105.6 MPH)
Jim Fisher to third
Batting: RHB Calvin Morin 0-0: SINGLE (Groundball, 6S, EV 71.9 MPH) (infield hit)
Jim Fisher scores
Justin Layton to third
Batting: RHB Junro Kato 0-0: Ball
Calvin Morin steals 2nd, throwing error, E2
Justin Layton scores
Calvin Morin to third
1-0: Ball
2-0: Ball
3-0: Base on Balls
Batting: RHB Andy Kelly 0-0: Foul Ball, location: 2F
0-1: Called Strike
0-2: Strikes out swinging
Batting: RHB Rick English 0-0: Called Strike
0-1: Ball
1-1: Ball
2-1: Swinging Strike
2-2: Foul Ball, location: 2F
2-2: Strikes out swinging
Batting: SHB Justin Corbett 0-0: Ball
1-0: Ball
2-0: SINGLE (Flyball, 8RS, EV 87.5 MPH)
Calvin Morin scores
Junro Kato to second
Runner from 2nd tries for 3rd, SAFE, throw by CF made to third
Batting: RHB Justin Dunham 0-0: Called Strike
0-1: SINGLE (Groundball, 6S, EV 65.0 MPH) (infield hit)
Junro Kato scores
Justin Corbett to second
Pitching: LHP Ryan Cole
Batting: LHB Danny Treto 0-0: Called Strike
0-1: Foul Ball, location: 2F
0-2: Fly out, F9 (Flyball, 9S, EV 80.0 MPH)
Top of the 4th over - 4 runs, 4 hits, 1 error, 2 left on base; Batavia 5 - Hillsboro 0
BOTTOM OF THE 4TH
Hillsboro Hops batting - Pitching for Batavia Muckdogs : RHP Ryan Weedon
Batting: RHB Dale Young 0-0: Ball
1-0: Called Strike
1-1: Foul Ball, location: 2F
1-2: Ball
2-2: Foul Ball, location: 2F
2-2: Ball
3-2: Base on Balls
Batting: RHB Paul Healy 0-0: Called Strike
Dale Young steals 2nd, throwing error, E2
Dale Young to third
0-1: Swinging Strike
0-2: Foul Ball, location: 2F
0-2: Ball
1-2: Strikes out looking
Batting: RHB Nikita Schram 0-0: Called Strike
0-1: Ground out 5-3 (Groundball, 56S, EV 87.5 MPH)
Dale Young scores
Batting: RHB T.J. Jordan 0-0: DOUBLE (Flyball, 78D, EV 91.9 MPH)
Batting: LHB Ron Mills 0-0: Ball
1-0: Called Strike
1-1: Fly out, F6 (Popup, 6, EV 56.9 MPH)
Bottom of the 4th over - 1 run, 1 hit, 1 error, 1 left on base; Batavia 5 - Hillsboro 1
TOP OF THE 5TH
Batavia Muckdogs batting - Pitching for Hillsboro Hops : LHP Ryan Cole
Batting: RHB Jim Fisher 0-0: Ground out 6-3 (Groundball, 6D, EV 101.2 MPH)
Batting: RHB Justin Layton 0-0: Called Strike
0-1: Ball
1-1: Ground out 6-3 (Groundball, 6, EV 108.8 MPH)
Batting: RHB Calvin Morin 0-0: Ball
1-0: Foul Ball, location: 2F
1-1: Foul Ball, location: 2F
1-2: Foul Ball, location: 2F
1-2: DOUBLE (Flyball, 8LXD, EV 94.4 MPH)
Batting: RHB Junro Kato 0-0: Called Strike
0-1: Called Strike
0-2: Strikes out swinging
Top of the 5th over - 0 runs, 1 hit, 0 errors, 1 left on base; Batavia 5 - Hillsboro 1
BOTTOM OF THE 5TH
Hillsboro Hops batting - Pitching for Batavia Muckdogs : RHP Ryan Weedon
Batting: RHB Mike Dodson 0-0: Ball
1-0: Ball
2-0: Foul Ball, location: 2F
2-1: Fly out, F9 (Flyball, 89S, EV 96.2 MPH)
Batting: RHB Mike Swift 0-0: SINGLE (Groundball, 4S, EV 71.9 MPH) (infield hit)
Batting: RHB Devon Fourcade 0-0: Called Strike
0-1: Swinging Strike
0-2: Strikes out swinging
Batting: RHB Ryuki Ogasawara 0-0: Ball
1-0: Called Strike
1-1: Ball
2-1: Called Strike
2-2: Ball
3-2: Foul Ball, location: 2F
3-2: Foul Ball, location: 2F
3-2: Foul Ball, location: 2F
3-2: Base on Balls
Mike Swift to second
Pitching: RHP Alfonso Mier
Batting: RHB Dale Young 0-0: Ball
1-0: Ball
2-0: Ball
3-0: Base on Balls
Mike Swift to third
Ryuki Ogasawara to second
Batting: RHB Paul Healy 0-0: Ball
1-0: Foul Ball, location: 2F
1-1: Swinging Strike
1-2: Fielders Choice at 2nd, 6-4 (Groundball, 6, EV 81.2 MPH)
Bottom of the 5th over - 0 runs, 1 hit, 0 errors, 3 left on base; Batavia 5 - Hillsboro 1
TOP OF THE 6TH
Batavia Muckdogs batting - Pitching for Hillsboro Hops : LHP Ryan Cole
Batting: RHB Andy Kelly 0-0: Ground out 6-3 (Groundball, 56, EV 78.8 MPH)
Batting: RHB Rick English 0-0: Called Strike
0-1: Hit by Pitch
Batting: SHB Justin Corbett 0-0: Ball
1-0: Called Strike
1-1: Ball
2-1: Swinging Strike
2-2: Foul Ball, location: 2F
2-2: Foul Ball, location: 2F
2-2: Foul Ball, location: 2F
2-2: Foul Ball, location: 2F
2-2: Ball
3-2: SINGLE (Groundball, 25, EV 67.5 MPH) (infield hit)
Rick English to second
Batting: RHB Justin Dunham 0-0: SINGLE (Groundball, 6D, EV 101.9 MPH)
Rick English to third
Justin Corbett to second
Runner from 3rd tries for Home, SAFE, throw by LF to trailing runner, OUT at third! 7-3-5
Batting: LHB Danny Treto 0-0: Ball
1-0: Called Strike
1-1: Foul Ball, location: 2F
1-2: Ball
2-2: Foul Ball, location: 2F
2-2: Strikes out looking
Top of the 6th over - 1 run, 2 hits, 0 errors, 1 left on base; Batavia 6 - Hillsboro 1
BOTTOM OF THE 6TH
Hillsboro Hops batting - Pitching for Batavia Muckdogs : RHP Alfonso Mier
Batting: RHB Nikita Schram 0-0: Fly out, F8 (Flyball, 8LD, EV 106.2 MPH)
Batting: RHB T.J. Jordan 0-0: Foul Ball, location: 2F
0-1: Called Strike
0-2: Fly out, F1 (Line Drive, P, EV 69.4 MPH)
Batting: LHB Ron Mills 0-0: Ball
1-0: Ball
2-0: Ball
3-0: Called Strike
3-1: Foul Ball, location: 2F
3-2: Base on Balls
Batting: RHB Mike Dodson 0-0: Called Strike
0-1: Swinging Strike
0-2: Ball
1-2: Strikes out looking
Bottom of the 6th over - 0 runs, 0 hits, 0 errors, 1 left on base; Batavia 6 - Hillsboro 1
TOP OF THE 7TH
Batavia Muckdogs batting - Pitching for Hillsboro Hops : LHP Ryan Cole
Batting: RHB Jim Fisher 0-0: Ball
1-0: Foul Ball, location: 2F
1-1: Swinging Strike
1-2: Ball
2-2: Ball
3-2: SINGLE (Groundball, 4MD, EV 104.4 MPH)
Batting: RHB Justin Layton 0-0: Called Strike
0-1: Ball
1-1: Ball
2-1: Fielders Choice at 2nd, 5-4 (Groundball, 56, EV 80.6 MPH)
Pitching: RHP Jim Bruley
Batting: RHB Calvin Morin 0-0: Ball
1-0: Ball
Justin Layton is caught stealing 2nd base 2-4
2-0: Foul Ball, location: 2F
2-1: Swinging Strike
2-2: Ground out 3-1 (Groundball, 34, EV 107.5 MPH)
Top of the 7th over - 0 runs, 1 hit, 0 errors, 0 left on base; Batavia 6 - Hillsboro 1
BOTTOM OF THE 7TH
Hillsboro Hops batting - Pitching for Batavia Muckdogs : RHP Alfonso Mier
Batting: RHB Mike Swift 0-0: SOLO HOME RUN (Flyball, 9D, EV 103.1 MPH), Distance : 409 ft
Batting: RHB Devon Fourcade 0-0: SINGLE (Groundball, 56, EV 95.0 MPH)
Batting: RHB Ryuki Ogasawara 0-0: Ball
1-0: Sac Bunt to 5S - play at first, batter OUT! 5-3
Devon Fourcade to second
Batting: RHB Dale Young 0-0: Ball
1-0: Foul Ball, location: 2F
1-1: Ball
Wild Pitch!
Devon Fourcade to third
2-1: Ball
3-1: Base on Balls
Batting: RHB Paul Healy 0-0: Ball
1-0: Swinging Strike
1-1: Called Strike
1-2: Ball
2-2: Strikes out swinging
Batting: RHB Nikita Schram 0-0: Foul Ball, location: 2F
0-1: Foul Ball, location: 2F
0-2: Ball
1-2: Ball
2-2: Strikes out swinging
Bottom of the 7th over - 1 run, 2 hits, 0 errors, 2 left on base; Batavia 6 - Hillsboro 2
TOP OF THE 8TH
Batavia Muckdogs batting - Pitching for Hillsboro Hops : RHP Jim Bruley
Batting: RHB Junro Kato 0-0: Ball
1-0: Foul Ball, location: 2F
1-1: Ball
2-1: Ball
3-1: Fly out, F4 (Line Drive, 4, EV 66.9 MPH)
Batting: RHB Andy Kelly 0-0: Called Strike
0-1: Ball
1-1: Called Strike
1-2: Foul Ball, location: 2F
1-2: Strikes out swinging
Batting: RHB Rick English 0-0: DOUBLE (Groundball, 5L, EV 106.9 MPH)
Batting: SHB Justin Corbett 0-0: Called Strike
0-1: Ball
1-1: Foul Ball, location: 2F
1-2: Ball
2-2: Ball
3-2: SINGLE (Groundball, 4MS, EV 67.5 MPH) (infield hit)
Rick English to third
Batting: RHB Justin Dunham 0-0: Foul Ball, location: 2F
0-1: Called Strike
0-2: Ball
1-2: Ground out 6-3 (Groundball, 6M, EV 105.0 MPH)
Top of the 8th over - 0 runs, 2 hits, 0 errors, 2 left on base; Batavia 6 - Hillsboro 2
BOTTOM OF THE 8TH
Hillsboro Hops batting - Pitching for Batavia Muckdogs : RHP Alfonso Mier
Batting: RHB T.J. Jordan 0-0: Called Strike
0-1: Ball
1-1: Foul Ball, location: 2F
1-2: Foul Ball, location: 2F
1-2: Foul Ball, location: 2F
1-2: DOUBLE (Line Drive, 7LM, EV 101.9 MPH)
Pitching: RHP Cesar Jimenez
Batting: LHB Ron Mills 0-0: Ball
1-0: Foul Ball, location: 2F
1-1: Swinging Strike
1-2: Strikes out swinging
Pinch Hitting: LHB Dana McDonald 0-0: Ball
1-0: Foul Ball, location: 2F
1-1: Swinging Strike
1-2: Ground out 4-3 (Groundball, 34, EV 96.9 MPH)
T.J. Jordan to third
Batting: RHB Mike Swift 0-0: Called Strike
0-1: Ground out U3 (Groundball, 3S, EV 77.5 MPH)
Bottom of the 8th over - 0 runs, 1 hit, 0 errors, 1 left on base; Batavia 6 - Hillsboro 2
TOP OF THE 9TH
Batavia Muckdogs batting - Pitching for Hillsboro Hops : RHP Jim Bruley
Now at SS: Josh Kirk
Batting: LHB Danny Treto 0-0: Swinging Strike
0-1: Ground out 4-3 (Groundball, 4D, EV 104.4 MPH)
Batting: RHB Jim Fisher 0-0: Called Strike
0-1: Ball
1-1: Fly out, F9 (Flyball, 89M, EV 88.8 MPH)
Batting: RHB Justin Layton 0-0: Called Strike
0-1: Ball
1-1: Called Strike
1-2: Strikes out swinging
Top of the 9th over - 0 runs, 0 hits, 0 errors, 0 left on base; Batavia 6 - Hillsboro 2
BOTTOM OF THE 9TH
Hillsboro Hops batting - Pitching for Batavia Muckdogs : RHP Cesar Jimenez
Batting: RHB Devon Fourcade 0-0: Ball
1-0: Swinging Strike
1-1: Foul Ball, location: 2F
1-2: Ground out 6-3 (Groundball, 56, EV 106.2 MPH)
Batting: RHB Ryuki Ogasawara 0-0: Ball
1-0: Called Strike
1-1: Foul Ball, location: 2F
1-2: DOUBLE (Groundball, 3L, EV 104.4 MPH)
Batting: RHB Dale Young 0-0: Ball
1-0: Ball
2-0: Ball
3-0: Called Strike
3-1: Base on Balls
Pitching: RHP James Cornette
Batting: RHB Paul Healy 0-0: Ball
1-0: Ball
2-0: Swinging Strike
2-1: Ball
3-1: DOUBLE (Line Drive, 8RXD, EV 100.6 MPH)
Ryuki Ogasawara scores
Dale Young to third
Batting: RHB Nikita Schram 0-0: Ball
1-0: Called Strike
1-1: Swinging Strike
1-2: Strikes out swinging
Batting: RHB T.J. Jordan 0-0: Swinging Strike
0-1: Ball
1-1: Swinging Strike
1-2: Strikes out looking
Bottom of the 9th over - 1 run, 2 hits, 0 errors, 2 left on base; Batavia 6 - Hillsboro 3
Sunday, July 16th , 2023 - OOTP Baseball 24.6 Build 69